 Dungeon Crawl Stone Soup version 0.30.1-4-g462c640d31 (webtiles) character file.

Game seed: 16451392146416159113

19313 Raikaria the Cruncher (level 12, -3/116 HPs)
             Began as a White Draconian Warper on Sept 17, 2023.
             Was an Elder of Sif Muna.
             Engulfed by a cloud of foul pestilence (12 damage)
             ... in a Gauntlet.
             The game lasted 00:38:05 (11654 turns).

Raikaria the Cruncher (White Draconian Warper)     Turns: 11654, Time: 00:38:06

Health: -3/116     AC: 14    Str: 16    XL:     12   Next: 35%
Magic:  19/21      EV: 25    Int: 21    God:    Sif Muna [****..]
Gold:   780        SH:  0    Dex: 11    Spells: 17/23 levels left

rFire   . . .        p - +11 quarterstaff of Understanding {spect, rPois Int+3}
rCold   + . .        (shield currently unavailable)
rNeg    . . .        (body armour unavailable)
rPois   +            (helmet restricted)
rElec   .            (no cloak)
rCorr   .            D - +2 pair of gloves
SInv    .            C - +2 pair of boots
Will    .....        I - amulet of magic regeneration
Stlth   +            j - +5 ring of evasion
HPRegen 0.39/turn    z - +5 ring of evasion
MPRegen 0.57/turn

%: no teleportation
@: lethally poisoned (-3 -> -8), slowed, very slow
A: breathe frost, AC +8, unfitting armour, cold resistance 1, cold-blooded,
clever 1, robust 1, subdued magic 1
a: Breathe Frost, Renounce Religion, Channel Magic, Forget Spell, Divine
Exegesis


You were in a Gauntlet.
You worshipped Sif Muna.
Sif Muna was greatly pleased with you.
You visited 3 branches of the dungeon, and saw 15 of its levels.
You also visited: Gauntlet.

You collected 780 gold pieces.

Inventory:

Hand Weapons
 a - a +1 short sword of draining
 p - the +11 quarterstaff of Understanding (weapon) {spect, rPois Int+3}
   (You found it on level 2 of the Dungeon)

   Int:       It affects your intelligence (+3).
   rPois:     It protects you from poison.
Missiles
 c - 7 boomerangs of dispersal (quivered)
 w - 3 boomerangs
 y - 3 throwing nets
Armour
 C - a +2 pair of boots (worn)
 D - a +2 pair of gloves (worn)
Jewellery
 e - a ring of ice
 j - a +5 ring of evasion (left hand)
 z - a +5 ring of evasion (right hand)
 I - an amulet of magic regeneration (around neck)
Wands
 l - a wand of flame (38)
 m - a wand of iceblast (6)
 G - a wand of polymorph (11)
 H - a wand of charming (8)
 K - a wand of acid (18)
 Q - a wand of digging (4)
Scrolls
 b - 3 scrolls of blinking
 d - a scroll of poison
 h - 4 scrolls of magic mapping
 i - 4 scrolls of teleportation
 k - 2 scrolls of enchant weapon
 n - 2 scrolls of fog
 r - 4 scrolls of amnesia
 u - a scroll of identify
 x - a scroll of enchant armour
Potions
 f - 5 potions of flight
 g - 3 potions of heal wounds {unknown}
 o - a potion of attraction {unknown}
 q - 2 potions of mutation
 s - 4 potions of curing
 t - 3 potions of invisibility
 v - a potion of ambrosia {unknown}
 A - 2 potions of lignification {unknown}
 B - a potion of magic {unknown}
 E - 2 potions of brilliance {unknown}
 F - 2 potions of cancellation
 J - a potion of resistance {unknown}
 M - 2 potions of berserk rage {unknown}
 N - 3 potions of might


   Skills:
 + Level 10.1 Fighting
 - Level 2.4 Short Blades
 + Level 12.0 Staves
 - Level 0.8 Throwing
 + Level 8.3 Dodging
 + Level 6.3 Spellcasting
 - Level 8.0 Translocations
 - Level 6.0 Invocations


You had 17 spell levels left.
You knew the following spells:

 Your Spells              Type           Power      Damage    Failure   Level
a - Blink                 Tloc           60%        N/A       1%          2
b - Manifold Assault      Tloc           30%        N/A       2%          4

Your spell library contained the following spells:

 Spells                   Type           Power      Damage    Failure   Level
 Lesser Beckoning         Tloc           60%        N/A       1%          2
 Teleport Other           Tloc           30%        N/A       1%          3
 Vhi's Electric Charge    Tloc/Air       36%        N/A       4%          3
 Magic Dart               Conj           20%        1d4       8%          1
 Shock                    Conj/Air       20%        1d4       8%          1
 Slow                     Hex            20%        N/A       8%          1
 Ensorcelled Hibernation  Hex/Ice        10%        N/A       12%         2
 Poisonous Vapours        Pois/Air       10%        N/A       12%         2
 Scorch                   Fire           10%        2d5       12%         2
 Searing Ray              Conj           10%        2d4       12%         2
 Confusing Touch          Hex            5%         N/A       24%         3
 Mephitic Cloud           Conj/Pois/Air  5%         N/A       24%         3
 Spider Form              Tmut/Pois      5%         N/A       24%         3
 Swiftness                Air            5%         N/A       24%         3
 Vampiric Draining        Necr           5%         2d6       24%         3
 Airstrike                Air            2%         2d(1-17)  63%         4
 Anguish                  Hex/Necr       2%         N/A       63%         4
 Flame Wave               Conj/Fire      5%         2d5       63%         4
 Fulminant Prism          Conj/Hex       2%         3d5       63%         4
 Freezing Cloud           Conj/Ice/Air   2%         6-21      93%         5
 Summon Cactus Giant      Summ           2%         N/A       100%        6
 Malign Gateway           Summ/Tloc      9%         N/A       100%        7
 Summon Horrible Things   Summ           2%         N/A       100%        8


Dungeon Overview and Level Annotations

Branches:
Dungeon (13/15)            Temple (1/1) D:5            Lair (1/5) D:9
    Orc (0/2) D:11        Gauntlet (1/1)
 Vaults: D:13-14

Altars:
Ashenzari
Cheibriados
Dithmenos
Elyvilon
Fedhas
Gozag
Hepliaklqana
Kikubaaqudgha
Makhleb
Nemelex Xobeh
Okawaru
Qazlal
Ru
Sif Muna
Trog
Uskayaw
Vehumet
Wu Jian
Xom
Yredelemnul
The Shining One

Shops:
D:1 *   D:4 [

Annotations:
D:8 3 runed translucent doors Gauntlet 9 transporters


Innate Abilities, Weirdness & Mutations

You can breathe waves of freezing cold which knock back foes.
Your icy white scales are hard. (AC +8)
You cannot fit into any form of body armour.
Your flesh is cold resistant. (rC+)
You are cold-blooded and may be slowed by cold attacks.
Your mind is acute. (Int +4, Str/Dex -1)
You are robust. (+10% HP)
Your spells are a little easier to cast, but a little less powerful.


Message History

You are poisoned.
You feel as though you will be slow longer.
The death drake misses you.
You hit the death drake but do no damage.
The death drake is almost dead.
You are engulfed in dark miasma.
You are more poisoned.
You feel extremely sick. The death drake breathes miasma at you.
The foul vapour engulfs you.
You are more poisoned.
You feel as though you will be slow longer.
You miss the death drake.
The death drake is almost dead.
You feel extremely sick. The death drake bites you.
The death drake breathes miasma at you. The foul vapour misses you.
You sock the death drake!
You kill the death drake!
Sif Muna accepts your kill.
You are engulfed in dark miasma.
You are more poisoned.
You feel as though you will be slow longer.
* * * LOW HITPOINT WARNING * * *
x2 You feel extremely sick.
Your life force feels restored.
Your Staves skill increases to level 12!
You feel better.
You are engulfed in dark miasma.
You are poisoned.
* * * LOW HITPOINT WARNING * * *
You feel very sick.
The centaur warrior zombie hits you but does no damage.
The centaur warrior zombie kicks you but does no damage.
The centaur warrior zombie closely misses you.
The centaur warrior zombie completely misses you.
It was a potion of mutation.
You feel extremely strange.
Your connection to magic feels subdued.
You feel robust.
You feel clever.
You are engulfed in dark miasma.
You die...

##≈.P.P..#8.8.8.8#...≈≈≈
#≈≈.P..♣.#...8...#...#≈#
##≈.P....#.."©...#...P..
##.P♣.#############...♣
##≈....#©....©....©#....
#≈≈.###################.
##≈.###...###.#w......#.
##.###...###.#ww####.#.
##≈.#..@##..#.#w#.....#.
#≈≈.#..#Z#Z.#.#w#.©####.
##≈.#..##Z}.#.#.#.#)[.#.
##.###=.!###.#.#.#.|##.
##≈.####©####.#...#.#w#.
#≈≈.#########.#########.
##≈.....................
##..♣...♣...♣..P♣......
#≈...............PP...∩


You could see a wolf spider zombie, a centaur warrior zombie and a meliai
zombie.

Vanquished Creatures
  Erica (D:11)
  4 two-headed ogres
  A death yak (D:9)
  A sixfirhy (Gauntlet)
  Amaemon (D:11)
  A death drake (Gauntlet)
  A wizard (Gauntlet)
  Pikel (D:4)
  A spectral centaur (Gauntlet)
  A cyclops (D:11)
  An orange demon (D:11)
  Joseph (D:7)
  Maggie (D:7)
  A komodo dragon (Lair:1)
  5 kobold demonologists (D:11)
  3 trolls (D:11)
  A hornet (D:7)
  Grinder (D:3)
  Sigmund (D:6)
  2 wraiths
  2 vampires (D:11)
  Eustachio (D:5)
  14 yaks
  5 shadows
  Grum (D:10)
  2 acid dragons
  A two-headed ogre zombie (D:11)
  4 sky beasts
  An orc warrior (D:10)
  An ice beast (D:5)
  2 black bears
  2 wolves (D:10)
  2 centaurs
  2 lemures (D:4)
  A phantom (D:11)
  9 kobold brigands
  2 gnoll sergeants
  4 bullfrogs
  5 wights (D:8)
  13 killer bees
  3 troll zombies (D:11)
  5 howler monkeys
  4 hounds
  A jelly (D:6)
  6 orc priests
  A gnoll bouda (D:4)
  A sleepcap (D:6)
  Ijyb (D:4)
  Jessica (D:3)
  3 iguanas
  15 orc wizards
  A hell rat (D:9)
  4 ogre zombies (D:11)
  Robin (D:3)
  38 gnolls
  6 adders
  3 shadow imps
  A white imp (D:6)
  4 ufetubi
  A worm (D:3)
  A dart slug (D:1)
  52 orcs
  6 ball pythons
  3 bats
  An endoplasm (D:2)
  15 goblins
  5 hobgoblins
  11 jackals (D:4)
  5 quokkas
  2 frilled lizards
  3 goblin zombies (D:11)
  A hobgoblin skeleton (D:11)
  2 hobgoblin zombies (D:11)
  24 kobolds
  4 orc skeletons (D:11)
  13 orc zombies (D:11)
  6 rats
  A spectral orc (D:5)
359 creatures vanquished.

Vanquished Creatures (others)
  A spectral weapon (D:11)
1 creature vanquished.

Grand Total: 360 creatures vanquished

Notes
Turn   | Place    | Note
-------+----------+-------------------------------------------
     0 | D:1      | Raikaria the Draconian Warper began the quest for the Orb.
     0 | D:1      | Reached XP level 1. HP: 17/17 MP: 3/3
    37 | D:1      | Found Gailabb's Assorted Antiques.
   190 | D:1      | Reached XP level 2. HP: 23/25 MP: 5/5
   698 | D:2      | Learned a level 2 spell: Blink
  1265 | D:2      | Identified the +11 quarterstaff of Understanding {spect,
                  | rPois Int+3}
  1529 | D:3      | Noticed Grinder
  1529 | D:3      | Noticed Robin
  1532 | D:3      | Reached XP level 3. HP: 30/30 MP: 6/6
  1601 | D:3      | Killed Grinder
  1602 | D:3      | Reached skill level 2 in Staves
  1602 | D:3      | Reached XP level 4. HP: 24/40 MP: 7/7
  1602 | D:3      | Reached XP level 5. HP: 28/46 MP: 8/8
  1693 | D:3      | Found a white marble altar of Elyvilon.
  1742 | D:3      | Killed Robin
  1743 | D:3      | Reached XP level 6. HP: 53/53 MP: 9/9
  1852 | D:3      | Reached skill level 3 in Staves
  1899 | D:3      | Noticed Jessica
  1904 | D:3      | Killed Jessica
  1962 | D:3      | Identified the +2 ring mail of the Black Moon {rPois Str-3
                  | Int+3 Dex+6}
  2224 | D:4      | Found Wujagug's Armour Emporium.
  2254 | D:4      | Noticed Ijyb
  2261 | D:4      | Killed Ijyb
  2262 | D:4      | Reached skill level 5 in Fighting
  2381 | D:4      | Noticed Pikel
  2399 | D:4      | Killed Pikel
  2400 | D:4      | Reached skill level 6 in Staves
  2400 | D:4      | Your scales start taking on an icy white colour.
  2400 | D:4      | Reached XP level 7. HP: 59/61 MP: 10/10
  2400 | D:4      | Gained mutation: Your flesh is cold resistant. (rC+) [White
                  | Draconian growth]
  2486 | D:4      | Reached XP level 8. HP: 68/68 MP: 11/11
  2560 | D:4      | Reached skill level 7 in Staves
  3063 | D:4      | Learned a level 4 spell: Manifold Assault
  3075 | D:5      | Entered Level 5 of the Dungeon
  3250 | D:5      | Found a burning altar of Makhleb.
  3282 | D:5      | Noticed Eustachio
  3283 | D:5      | Found a staircase to the Ecumenical Temple.
  3302 | D:5      | Killed Eustachio
  3345 | Temple   | Entered the Ecumenical Temple
  3503 | Temple   | Became a worshipper of Sif Muna the Loreminder
  3553 | D:6      | Found a bloodstained altar of Trog.
  3628 | D:5      | Identified the +0 hand axe of Untruth {flame, Fragile rC+++
                  | MP-9 Int+3}
  3740 | D:5      | Reached skill level 5 in Translocations
  3743 | D:5      | Found a hide-covered altar of Uskayaw.
  3944 | D:5      | Reached skill level 8 in Staves
  3985 | D:5      | Found a basalt altar of Yredelemnul.
  4109 | D:5      | Reached * piety under Sif Muna
  4110 | D:5      | Reached XP level 9. HP: 74/74 MP: 15/15
  4338 | D:6      | Reached skill level 1 in Invocations
  4457 | D:6      | Noticed Sigmund
  4470 | D:6      | Killed Sigmund
  4864 | D:7      | Identified the +9 mace of the Brewing Bear {flame, Fragile
                  | Fly Int-2 Dex+9}
  4950 | D:7      | Noticed Joseph
  4962 | D:7      | Killed Joseph
  4963 | D:7      | Reached skill level 9 in Staves
  5167 | D:8      | Noticed a two-headed ogre
  5749 | D:7      | Noticed Maggie
  5758 | D:7      | Killed Maggie
  5899 | D:7      | Reached ** piety under Sif Muna
  5999 | D:7      | Reached XP level 10. HP: 57/83 MP: 5/16
  6000 | D:7      | Killed a two-headed ogre
  6249 | D:8      | Found a sparkling altar of Nemelex Xobeh.
  6269 | D:8      | Reached skill level 5 in Dodging
  6271 | D:8      | Reached skill level 5 in Spellcasting
  6548 | D:9      | Noticed a death yak
  6548 | D:9      | Noticed a death yak
  6548 | D:9      | Found a staircase to the Lair.
  6632 | D:8      | Noticed a two-headed ogre
  6639 | D:8      | Killed a two-headed ogre
  6905 | D:8      | Found a runed translucent gate.
  6906 | D:8      | Found a runed translucent gate.
  6906 | D:8      | Noticed a brown ugly thing
  6906 | D:8      | Noticed a white ugly thing
  6907 | D:8      | Found a runed translucent gate.
  6907 | D:8      | Noticed a white ugly thing
  6908 | D:8      | Noticed a purple ugly thing
  7006 | D:8      | Reached skill level 10 in Staves
  7593 | D:9      | Found a hazy altar of Hepliaklqana.
  7593 | D:9      | Found a snail-covered altar of Cheibriados.
  7606 | D:9      | Found an ornate altar of the Wu Jian Council.
  7811 | D:9      | Found a stormy altar of Qazlal.
  7835 | D:9      | Noticed a death yak
  7895 | D:9      | Killed a death yak
  7895 | D:9      | Reached *** piety under Sif Muna
  8168 | D:10     | Entered Level 10 of the Dungeon
  8418 | D:10     | Reached XP level 11. HP: 78/92 MP: 18/18
  8563 | D:10     | Noticed Grum
  8668 | D:10     | Killed Grum
  8854 | D:10     | Identified a scroll of acquirement
  8854 | D:10     | Acquired a Grand Grimoire
  9077 | D:10     | Found an ancient bone altar of Kikubaaqudgha.
  9084 | D:10     | Noticed a two-headed ogre
  9092 | D:10     | Killed a two-headed ogre
  9469 | D:11     | Found a staircase to the Orcish Mines.
  9480 | D:11     | Reached skill level 5 in Invocations
  9488 | D:11     | Reached **** piety under Sif Muna
  9650 | D:11     | Noticed Amaemon
  9671 | D:11     | Killed Amaemon
  9672 | D:11     | Reached skill level 11 in Staves
  9784 | D:11     | Noticed a soul eater
  9786 | D:11     | Noticed a sun demon
 10097 | D:11     | Noticed a two-headed ogre
 10104 | D:11     | Killed a two-headed ogre
 10153 | D:11     | Found the +5 Force Lance {heavy, knockback}
 10490 | D:13     | Noticed a catoblepas
 10615 | D:11     | Noticed Erica
 10623 | D:11     | Killed Erica
 10657 | D:11     | Reached XP level 12. HP: 105/105 MP: 11/20
 10667 | D:11     | Reached ***** piety under Sif Muna
 10667 | D:11     | Received a gift from Sif Muna
 10878 | D:11     | Identified the +2 robe "Kiett" {rC+ Str+4}
 11163 | Lair:1   | Entered Level 1 of the Lair of Beasts
 11319 | Lair:1   | Found a gate leading to a gauntlet.
 11331 | Gauntlet | Entered a Gauntlet
 11331 | Gauntlet | Found a transporter.
 11338 | Gauntlet | Found a transporter.
 11340 | Gauntlet | Found a transporter.
 11351 | Gauntlet | Found a transporter.
 11354 | Gauntlet | Found a transporter.
 11358 | Gauntlet | Found a runed translucent door.
 11360 | Gauntlet | Found a runed translucent door.
 11363 | Gauntlet | Found a transporter.
 11382 | Gauntlet | Found a transporter.
 11390 | Gauntlet | Found a transporter.
 11401 | Gauntlet | Noticed a dire elephant
 11402 | Gauntlet | Found a transporter.
 11407 | Gauntlet | Found a transporter.
 11407 | Gauntlet | Found a transporter.
 11435 | Gauntlet | Found a transporter.
 11437 | Gauntlet | Found a transporter.
 11487 | Gauntlet | Found a transporter.
 11640 | Gauntlet | Reached skill level 10 in Fighting
 11653 | Gauntlet | Reached skill level 12 in Staves
 11654 | Gauntlet | Gained mutation: Your spells are a little easier to cast,
                  | but a little less powerful. [potion of mutation]
 11654 | Gauntlet | Gained mutation: You are robust. (+10% HP) [potion of
                  | mutation]
 11654 | Gauntlet | Gained mutation: Your mind is acute. (Int +4, Str/Dex -1)
                  | [potion of mutation]
 11654 | Gauntlet | Engulfed by a cloud of foul pestilence

Illustrated notes

Levels and vault maps discovered:
D:1:      nicolae_arrival_escape_room, layout_rooms, serial_shops,
          nicolae_shop_overgrown_old_shop, minmay_misc_feat_encased,
          minmay_tetromino_s4
D:2:      layout_basic
D:3:      layout_rooms, mainiacjoe_overflow_chevrons, patterned_corridor,
          uniq_robin, uniq_jessica, uniq_grinder
D:4:      lemuel_castle_with_subvaults [lemuel_castle_interior_carwin_1],
          layout_rooms, serial_shops, kennysheep_mini_moat, uniq_pikel,
          uniq_ijyb
D:5:      layout_loops_ring, nicolae_uskayaw_dance_hall,
          yredelemnul_forgotten_temple_becter, mainiacjoe_overflow_brackets,
          minmay_temple_entry_glass, uniq_eustachio
D:6:      layout_cave_pools, trog_three_pillars_becter, uniq_sigmund
D:7:      layout_basic, uniq_joseph, uniq_maggie
D:8:      layout_basic, nemelex_altar_shiori,
          ploomutoo_gammafunk_ghost_potion_laboratory, minmay_quadrilaterals
D:9:      layout_irregular_city, mainiacjoe_overflow_tiny_flanked,
          gammafunk_temple_overflow_forgotten, dpeg_lair_monsters
D:10:     layout_small_grid, kiku_gazebo_garden_becter, uniq_grum
D:11:     layout_basic, zombieorc2_lemuel, uniq_amaemon, uniq_erica
D:12:     layout_roguey, nicolae_trove_entry_path_of_doom, uniq_erolcha,
          uniq_nergalle, uniq_josephine, uniq_frances
D:13:     layout_rooms, hex_tiny, nicolae_figureground_sparkle
Temple:   grunt_temple_mini_profane
Lair:1:   layout_gridlike, nicolae_volcano_entry_lava_flow,
          gauntlet_entry_generic, uniq_urug
Gauntlet: minmay_gauntlet_77_tree [minmay_gauntlet_arena_77_two_lines,
          minmay_gauntlet_arena_77_p_blocks,
          minmay_gauntlet_arena_77_terracotta_army,
          minmay_gauntlet_arena_77_museum,
          minmay_gauntlet_arena_77_hold_the_fort,
          minmay_gauntlet_arena_77_radiant_squares,
          minmay_gauntlet_arena_77_cramped,
          nicolae_gauntlet_exit_dead_adventurers]

Skill      XL: |  1  2  3  4  5  6  7  8  9 10 11 12 |
---------------+-------------------------------------+-----
Fighting       | 4 5 7 9 10 | 10.1
Staves         | 2 6 8 9 10 11 12 | 12.0
Dodging        | 3 4 6 7 8 |  8.3
Spellcasting   | 4 5 6 |  6.3
Translocations | 5 7 8 |  8.0
Invocations    | 4 6 |  6.0
Short Blades   | |  2.4
Throwing       | |  0.8

Action                     |  1- 3 |  4- 6 |  7- 9 | 10-12 || total
---------------------------+-------+-------+-------+-------++-------
  Melee: Short sword       |    69 |       |       |       ||    69
         Tailslap          |    13 |     5 |    20 |    37 ||    75
         Quarterstaff      |     9 |    74 |   230 |   437 ||   750
   Cast: Manifold Assault  |       |       |     2 |    59 ||    61
         Blink             |       |       |     1 |       ||     1
Ability: Breathe Frost     |       |       |     1 |     7 ||     8
    Use: Scroll            |       |       |       |    23 ||    23
         Potion            |       |       |       |     2 ||     2
   Stab: Distracted        |       |     1 |       |     1 ||     2
 Armour: Skin              |    17 |     5 |    42 |    41 ||   105
  Dodge: Dodged            |    55 |    43 |   220 |   286 ||   604
